Map: Prion Terraces

Players

socks

  • Race: Zerg Zerg
  • League: Gold

Fiend - Winner!

  • Race: Terran Terran
  • League: Platinum

VOD

Have the link to the VOD?

Description

Time

  • Played on: March 27, 2016, 2:21 p.m.
  • Length: 13:31
Show
View Real Time Build Order
Export as new Build Order

socks Zerg 

Build Orders: Hatch First, Lurkers 

Get SALT Encoding   

  12  0:01  Drone  
  13  0:12  Overlord  
  13  0:18  Drone  
  14  0:21  Extractor  
  14  0:23  Drone  
  15  0:31  Drone  
  16  0:52  Hatchery  
  15  0:57  Drone  
  15  1:04  Extractor  
  15  1:14  Spawning Pool  
  14  1:21  Extractor  
  14  1:24  Drone  
  14  1:27  Drone x2  
  17  1:45  Extractor  
  17  1:46  Drone x2  
  18  1:56  Extractor  
  18  2:00  Queen  
  20  2:03  Zergling x2  
  20  2:06  Metabolic Boost  
  21  2:12  Drone  
  22  2:18  Extractor  
  22  2:20  Queen  
  24  2:30  Drone x3  
  27  2:37  Overlord  
  27  2:45  Drone  
  27  2:49  Pneumatized Carapace  
  28  3:00  Zergling x6  
  28  3:03  Queen  
  34  3:05  Drone  
  34  3:13  Overlord  
  34  3:18  Drone x2  
  36  3:28  Evolution Chamber  
  35  3:39  Lair  
  35  3:42  Roach Warren  
  34  3:58  Drone x2  
  34  3:59  Overlord, Drone  
  34  4:00  Hatchery  
  36  4:03  Drone x3  
  36  4:05  Extractor  
  36  4:07  Extractor  
  36  4:09  Extractor  
  36  4:31  Drone x6  
  38  4:32  Drone x3  
  45  4:40  Roach  
  47  4:48  Overlord  
  47  5:18  Overlord x3  
  47  5:24  Zerg Missile Weapons Level 1  
  47  5:45  Drone  
  47  5:46  Drone x6  
  54  6:08  Roach x5  
  64  6:13  Overlord x2  
  64  6:15  Hatchery  
  64  6:17  Queen  
  65  6:19  Drone x5  
  65  6:20  Drone x2  
  65  6:25  Glial Reconstitution  
  72  6:31  Evolution Chamber, Hydralisk Den  
  69  6:35  Burrow  
  69  6:41  Overlord  
  69  6:45  Ravager x2  
  71  6:53  Zergling x12  
  77  6:59  Extractor  
  76  7:02  Extractor  
  76  7:03  Hatchery  
  76  7:05  Spine Crawler, Overseer  
  76  7:06  Lurker Den  
  73  7:10  Zerg Ground Armor Level 1  
  73  7:20  Drone x3  
  73  7:21  Baneling Nest, Drone x6  
  81  7:26  Overlord x2  
  81  7:33  Infestation Pit, Hydralisk x4  
  88  8:03  Overseer x2  
  88  8:08  Drone x5  
  93  8:22  Queen  
  93  8:27  Hive  
  95  8:30  Zerg Missile Weapons Level 2  
  95  8:33  Lurker x2  
  95  8:34  Lurker x2  
  99  8:36  Zergling x14  
  99  8:37  Zergling x10  
  111  8:44  Drone x6  
  111  8:45  Drone x3  
  111  8:48  Extractor x2  
  118  8:58  Hatchery  
  109  9:32  Spire  
  109  9:35  Zerg Ground Armor Level 2  
  108  9:42  Drone x2  
  108  9:43  Drone x6  
  116  9:46  Spine Crawler  
  116  9:47  Spore Crawler  
  114  9:53  Overlord x2  
  114  9:54  Spine Crawler, Overlord x2  
  114  9:55  Spore Crawler  
  114  9:59  Roach x7  
  93  10:23  Zergling x2  
  93  10:24  Zergling x18  
  93  10:25  Zergling x14  
  101  10:30  Queen  
  101  10:32  Ravager x3  
  101  10:33  Ravager x4  
  106  10:45  Baneling  
  106  10:48  Corruptor x4  
  106  10:49  Corruptor  
  113  10:53  Spore Crawler  
  112  11:21  Viper, Hydralisk x3  
  112  11:22  Hydralisk x2  
  95  11:37  Mutalisk x3  
  95  11:38  Mutalisk x8  
  106  11:48  Roach x6  
  106  12:20  Zergling x18  
  74  12:38  Zergling x6  
  69  12:51  Zergling x6  
  69  12:55  Baneling x5  
  69  12:56  Baneling x4  
Show
View Real Time Build Order
Export as new Build Order

Fiend Terran - Winner!

Build Orders: Reaper Expand, Bio Tank 

Get SALT Encoding   

  12  0:00  SCV  
  13  0:13  SCV  
  14  0:18  Supply Depot  
  14  0:25  SCV  
  15  0:29  Refinery  
  15  0:40  SCV  
  16  0:45  Barracks  
  16  0:52  SCV  
  18  1:04  SCV  
  18  1:16  SCV  
  19  1:31  Orbital Command  
  19  1:33  Reaper  
  20  1:47  Command Center  
  20  1:58  SCV  
  21  2:06  Factory  
  21  2:11  Marine  
  21  2:13  Refinery  
  21  2:14  SCV  
  23  2:29  Supply Depot  
  23  2:46  Barracks Reactor  
  23  2:49  Factory Tech Lab  
  23  2:51  SCV  
  24  3:00  Starport  
  24  3:02  Refinery  
  24  3:03  Orbital Command  
  24  3:07  SCV  
  25  3:20  SCV  
  25  3:21  Bunker  
  25  3:22  Siege Tank  
  25  3:23  Marine x2  
  31  3:28  SCV  
  31  3:32  SCV  
  33  3:40  Medivac  
  35  3:41  Marine  
  35  3:42  Marine  
  37  3:50  Supply Depot  
  37  3:55  SCV x2  
  39  3:56  Barracks  
  39  3:59  Marine  
  39  4:02  Marine  
  41  4:06  Widow Mine  
  41  4:07  SCV x2  
  45  4:17  Marine  
  45  4:19  SCV x2  
  45  4:20  Marine  
  45  4:21  Engineering Bay  
  49  4:24  Supply Depot  
  49  4:29  Starport Reactor  
  49  4:31  SCV x2  
  50  4:36  Marine  
  50  4:38  Marine  
  53  4:43  SCV  
  54  4:45  Siege Tank  
  54  4:46  Supply Depot  
  54  4:47  Missile Turret  
  54  4:50  Missile Turret  
  55  5:09  Marine x2  
  57  5:26  SCV x2  
  57  5:27  Marine  
  61  5:29  Supply Depot x2  
  61  5:33  Missile Turret  
  61  5:35  Missile Turret  
  61  5:38  SCV  
  61  5:42  Barracks Reactor  
  62  5:44  Barracks Tech Lab  
  62  5:46  Marine x2  
  62  5:47  Siege Tank  
  66  5:54  Medivac x2  
  66  5:56  Missile Turret  
  70  6:08  Marine x3  
  73  6:12  Stimpack  
  73  6:19  Siege Tank  
  76  6:28  Command Center  
  76  6:34  Marine x2  
  76  6:35  Marine  
  79  6:45  Barracks  
  79  6:47  SCV x2, Supply Depot  
  81  6:51  Terran Infantry Weapons Level 1, Siege Tank  
  84  6:57  Engineering Bay  
  84  7:03  Supply Depot  
  84  7:06  Supply Depot  
  84  7:07  Marine x2  
  84  7:08  Marine  
  87  7:16  SCV x2  
  89  7:25  Barracks  
  89  7:28  Barracks  
  89  7:33  Terran Infantry Armor Level 1  
  89  7:36  SCV x2, Armory  
  91  7:46  Marine x2  
  92  8:01  Marine x2  
  92  8:04  Marine x2  
  96  8:06  Orbital Command  
  96  8:19  Marine  
  98  8:22  Marine  
  98  8:27  Marine  
  99  8:28  Barracks Reactor  
  99  8:29  Barracks Reactor  
  99  8:30  Barracks Reactor  
  99  8:33  Siege Tank  
  102  8:34  Combat Shields  
  102  8:37  SCV x2, Marine  
  102  8:38  SCV  
  102  8:39  Marine  
  107  8:42  Supply Depot  
  107  8:44  Marine, Supply Depot  
  108  8:55  Marine  
  109  8:57  Marine  
  109  9:02  Marine  
  110  9:05  Siege Tank  
  105  9:11  Marine x4  
  105  9:12  Marine x3  
  105  9:15  Liberator x2  
  110  9:24  Marine x2  
  111  9:29  Marine x4  
  116  9:33  Marine x3  
  116  9:34  Terran Infantry Weapons Level 2  
  116  9:37  Siege Tank  
  128  9:40  SCV x3  
  128  9:41  Marine  
  128  9:43  Command Center  
  132  9:56  Missile Turret  
  132  9:57  Sensor Tower  
  132  9:59  Marine  
  132  10:00  Marine x4  
  132  10:01  Marine  
  135  10:19  Marine x4  
  135  10:20  Siege Tank, Marine x4  
  134  10:28  Marine  
  135  10:37  Marine x2  
  135  10:39  Marine  
  135  10:40  Marine x3  
  141  10:51  Supply Depot  
  141  10:54  Supply Depot  
  141  10:55  SCV, Marine x2, Medivac x2  
  145  11:11  Marine x2  
  145  11:12  Marine x4  
  132  11:27  Marine  
  132  11:28  Marine x2  
  117  11:44  Medivac  
  117  11:45  Medivac  
  114  11:50  Marine  
  114  11:51  Marine x7  
  114  11:52  Marine  
  122  12:14  Medivac  
  121  12:21  Marine x5  
  121  12:22  Marine x2  
  120  12:44  Marine x6  
  120  12:45  Siege Tank, Marine x2  
  127  12:51  Marine  
  127  13:01  Marine  
  127  13:02  Marine x3, Orbital Command  
  127  13:03  Marine x4  
  135  13:09  Marine  
Tags
 
Add a new tag
Caveats
  • Supply blocks, unpowered buildings, or Contaminate may cause inaccurate times.
  • Supply counts are checked every 10 seconds.